 Dungeon Crawl Stone Soup version 0.29.1-15-g9cfb28693d (webtiles) character file.

Game seed: 9374528983849309098

87 UCchamp the Ruffian (level 4, -4/27 HPs)
             Began as a Vampire Fighter on Mar 19, 2023.
             Slain by a centaur (6 damage)
             ... on level 3 of the Dungeon.
             The game lasted 00:03:35 (1875 turns).

UCchamp the Ruffian (Vampire Fighter)               Turns: 1875, Time: 00:03:35

Health: -4/27      AC:  6    Str: 17    XL:     4   Next: 28%
Magic:  4/4        EV:  7    Int: 10    God:
Gold:   92         SH:  8    Dex: 13    Spells: 3/3 levels left

rFire   . . .      SeeInvis +     - Unarmed
rCold   + + .      Faith    .   e - +0 kite shield
rNeg    + + +      Spirit   .   a - +0 scale mail
rPois   ∞          Reflect  .   (no helmet)
rElec   .          Harm     .   (no cloak)
rCorr   .          Rampage  .   (no gloves)
Will    .....                   (no boots)
Stlth   ++........              (no amulet)
HPRegen 0.00/turn               (no ring)
MPRegen 0.09/turn               (no ring)

@: mighty, bloodless, inhibited regen
A: bloodless, fangs 3, see invisible, vampiric 2
a: Bat Form, Revivify


You were on level 3 of the Dungeon.
You visited 1 branch of the dungeon, and saw 3 of its levels.

You collected 92 gold pieces.

Inventory:

Armour
 a - a +0 scale mail (worn)
 b - a +0 buckler
 e - a +0 kite shield (worn)
Jewellery
 h - a ring of poison resistance
Scrolls
 d - 2 scrolls of immolation {unknown}
 f - 3 scrolls of enchant weapon {unknown}
 g - 2 scrolls of magic mapping {unknown}
 i - 2 scrolls of fog {unknown}
 j - a scroll of summoning {unknown}
 k - a scroll of poison {unknown}
 m - 2 scrolls of fear {unknown}
 p - a scroll of amnesia {unknown}
Potions
 c - 2 potions of might
 l - a potion of degeneration {unknown}
 n - 2 potions of curing {unknown}
 o - a potion of resistance {unknown}


   Skills:
 - Level 2.6 Fighting
 - Level 2.4 Armour
 + Level 3.4 Shields
 + Level 4.3 Unarmed Combat


You had 3 spell levels left.
You didn't know any spells.
Your spell library was empty.

Dungeon Overview and Level Annotations

Branches:
Dungeon (3/15)

Altars:
Ru


Innate Abilities, Weirdness & Mutations

You do not regenerate when monsters are visible.
You are frail without blood (-20% HP).
You can heal yourself when you bite living creatures.
You are immune to poison.
You have razor-sharp teeth.
You have supernaturally acute eyesight. (SInv)
You are afflicted with vampirism and can become a bat while bloodless.


Message History

You hit the orc but do no damage.
The orc is heavily wounded.
The orc hits you but does no damage.
You hit the orc.
You kill the orc!
Things that are here:
a +0 hand axe; a +0 chain mail; an orc corpse
Found a stone staircase leading down.
You hear the slow rusting of a very distant drain.
Found a ring mail.
Found a crooked jewelled staff.
Found a bubbling silvery potion.
A frilled lizard comes into view.
Found an orange potion.
A centaur comes into view.
The centaur shouts!
The frilled lizard hisses angrily.
You hit the centaur.
The centaur is moderately wounded.
The centaur hits you.
* * * LOW HITPOINT WARNING * * *
The centaur kicks you.
* * * LOW HITPOINT WARNING * * *
A dart slug comes into view.
The centaur barely misses you. x2
You feel very mighty all of a sudden. The centaur barely misses you.
The centaur kicks you but does no damage.
Unknown command.
You hit the centaur. You bite the centaur, but do no damage.
The centaur is heavily wounded.
You block the centaur's attack.
The centaur kicks you but does no damage.
The centaur hits you.
* * * LOW HITPOINT WARNING * * *
The centaur kicks you but does no damage.
The frilled lizard bites you but does no damage.
You closely miss the centaur.
The centaur is heavily wounded.
The centaur hits you.
You die...

..# #.# . ...#
..# ....# ##..
.#..# .# ..$#
......# ##.
#..##..
#.w##.###
##lc##...
#..@##.#####..
#.#.........!.
.#
#............#
#.#
######.#####!
#.####### #.#
###.......
#.####
#.......#
#....##.#
).......#
#######..#....#
#.#.....#
[.....#....####


You could see a centaur, a dart slug and a frilled lizard.

Vanquished Creatures
  2 adders
  A worm (D:2)
  A dart slug (D:2)
  10 orcs
  6 bats
  An endoplasm (D:1)
  A giant cockroach (D:2)
  5 goblins
  6 hobgoblins
  5 kobolds
  4 quokkas
  3 ball pythons
  A frilled lizard (D:3)
  4 rats
  A spectral kobold (D:1)
51 creatures vanquished.

Vanquished Creatures (others)
  6 plants (D:2)
6 creatures vanquished.

Grand Total: 57 creatures vanquished

Notes
Turn   | Place    | Note
-------+----------+-------------------------------------------
     0 | D:1      | UCchamp the Vampire Fighter began the quest for the Orb.
     0 | D:1      | Reached XP level 1. HP: 17/17 MP: 1/1
   134 | D:1      | Reached skill level 3 in Unarmed Combat
   137 | D:1      | Reached XP level 2. HP: 17/18 MP: 2/2
   183 | D:1      | Found a faded altar of an unknown god.
   819 | D:2      | Gained mutation: You are afflicted with vampirism and can
                  | become a bat while bloodless. [Vampire growth]
   819 | D:2      | Reached XP level 3. HP: 18/22 MP: 3/3
  1194 | D:2      | Found a sacrificial altar of Ru.
  1231 | D:2      | Reached skill level 4 in Unarmed Combat
  1811 | D:3      | Reached XP level 4. HP: 21/27 MP: 4/4
  1870 | D:3      | Noticed a centaur
  1875 | D:3      | Slain by a centaur

Illustrated notes

Levels and vault maps discovered:
D:1:      dpeg_arrival_shelter, layout_loops_cross,
          dreamdust_ecumenical_altar_drowned_temple
D:2:      layout_basic, basic_altar, serial_bayou, serial_bayou_crossing,
          serial_bayou_lake_a, serial_bayou_shore_b, serial_bayou_shore_a,
          serial_bayou_lagoon_a, serial_bayou_pond_e, chequers_mini_garden,
          moated_statue
D:3:      layout_loops_ring, portal_sewer_entry_a, kennysheep_nub

Skill      XL: |  1  2  3 |
---------------+----------+-----
Unarmed Combat | 3 4 |  4.3
Shields        | 3 |  3.4
Fighting       | |  2.6
Armour         | |  2.4

Action                   |  1- 3 |  4- 6 || total
-------------------------+-------+-------++-------
Melee: Unarmed           |   158 |    35 ||   193
       Bite              |    17 |     2 ||    19
 Abil: Exsanguinate      |     1 |       ||     1
  Use: Potion            |       |     1 ||     1
 Stab: Sleeping          |     5 |       ||     5
Armor: Scale mail        |    65 |    11 ||    76
Dodge: Dodged            |    44 |    11 ||    55
Block: Kite shield       |    57 |    12 ||    69
       Buckler           |     1 |       ||     1
